 Dungeon Crawl Stone Soup version 0.23.0-3-gf3c87f2 (webtiles) character file.

Game seed: 10968808080968727575

14 Kairos the Insei (level 2, -3/14 HPs)
             Began as a Vine Stalker Transmuter on Feb 22, 2019.
             Slain by a hobgoblin
             ... wielding a +0 club
              (4 damage)
             ... on level 1 of the Dungeon.
             The game lasted 00:00:33 (251 turns).

Kairos the Insei (Vine Stalker Transmuter)           Turns: 251, Time: 00:00:33

Health: -3/14      AC:  2    Str: 12    XL:     2   Next: 45%
Magic:  0/6        EV: 12    Int: 13    God:
Gold:   36         SH:  0    Dex: 14    Spells: 4/5 levels left

rFire    . . .     SeeInvis .     - Unarmed
rCold    . . .     Gourm    .   (no shield)
rNeg     . . .     Faith    .   b - +0 robe
rPois    .         Spirit   +   (no helmet)
rElec    .         Reflect  .   (no cloak)
rCorr    .         Harm     .   (no gloves)
MR       .....                  (no boots)
Stlth    +.........             (no amulet)
HPRegen  0.04/turn              (no ring)
MPRegen  0.10/turn              (no ring)

@: appendage, very slightly contaminated
A: fangs 2, horns 2, magic shield, antimagic bite, no potion heal 3, rot
immunity
a: End Transformation


You were on level 1 of the Dungeon.
You were not hungry.
You had grown temporary horns.
You visited 1 branch of the dungeon, and saw 1 of its levels.

You collected 36 gold pieces.

Inventory:

Missiles
 a - 12 arrows
Armour
 b - a +0 robe (worn)
Scrolls
 e - a scroll of identify {unknown}
Potions
 f - a potion of flight {unknown}
Comestibles
 c - 2 chunks of flesh
 d - a ration


   Skills:
 + Level 1.0 Fighting
 + Level 1.8 Dodging
 + Level 3.2 Unarmed Combat
 + Level 2.2 Spellcasting
 + Level 2.3 Transmutations


You had 4 spell levels left.
You knew the following spells:

 Your Spells              Type           Power        Failure   Level  Hunger
a - Beastly Appendage     Tmut           #.....       10%         1    ##.....

Your spell library contained the following spells:

 Spells                   Type           Power        Failure   Level  Hunger
 Sticks to Snakes         Tmut           #.......     14%         2    ###....
 Spider Form              Tmut/Pois      #.........   43%         3    ####...
 Ice Form                 Ice/Tmut       #.......     83%         4    #####..
 Blade Hands              Tmut           #.........   95%         5    ######.


Dungeon Overview and Level Annotations

Branches:
Dungeon (1/15)

Altars:


Innate Abilities, Weirdness & Mutations

You have extremely sharp teeth.
When hurt, damage is shared between your health and your magic reserves.
Your bite disrupts and absorbs the magic of your enemies.
Potions cannot restore your health.
You are immune to rotting.
You have a pair of horns on your head.


Message History

You are too injured to fight recklessly!
You are too injured to fight recklessly!
You are too injured to fight recklessly!
You are too injured to fight recklessly!
You hit the kobold. Your headbutt misses the kobold.
The kobold is severely wounded.
The kobold barely misses you. The kobold hits you.
* * * LOW HITPOINT WARNING * * *
You hit the kobold.
You kill the kobold!
The hobgoblin hits you with a +0 club.
* * * LOW HITPOINT WARNING * * *
The kobold misses you. The kobold closely misses you.
You see here a kobold corpse.
You closely miss the kobold. You headbutt the kobold.
You kill the kobold!
Your Fighting skill increases to level 1!
The hobgoblin hits you with a +0 club.
You die...

≈≈...##...§§§≈..#.##.#.#
#.
....####.....§....##.#.##
## ####
###.#####..##....# #.#
#..##...(#
..#####..##....#
.........##....#
........>##)...#
.........###...#
.......@.# #...#
......g..###...###
..........(......#
...................+
#########........###
#......[.# ##########


You could see a hobgoblin.

Vanquished Creatures
  2 dart slugs (D:1)
  2 bats (D:1)
  A giant cockroach (D:1)
  A goblin (D:1)
  4 kobolds (D:1)
  A rat (D:1)
11 creatures vanquished.

Notes
Turn   | Place    | Note
-------+----------+-------------------------------------------
     0 | D:1      | Kairos the Vine Stalker Transmuter began the quest for the
                  | Orb.
     0 | D:1      | Reached XP level 1. HP: 9/9 MP: 4/4
    77 | D:1      | Reached XP level 2. HP: 5/14 MP: 4/6
   251 | D:1      | Reached skill level 1 in Fighting
   251 | D:1      | Slain by a hobgoblin

Skill      XL: |  1  2 |
---------------+-------+-----
Fighting       | 1 |  1.0
Dodging        | |  1.8
Unarmed Combat | |  3.2
Spellcasting   | |  2.2
Transmutations | |  2.3

Action                   || total
-------------------------++-------
Melee: Unarmed           ||    35
       Bite              ||    11
       Headbutt          ||     4
 Cast: Beastly Appendage ||     5
 Stab: Sleeping          ||     2
Armor: Robe              ||     7
Dodge: Dodged            ||    35
